Map: Cosmic Sapphire

Players

UYscuti

  • Race: Zerg Zerg
  • League: Diamond
  • Spawn Location: 11:00

IIIIIIIIIIII - Winner!

  • Race: Terran Terran
  • League: Diamond
  • Spawn Location: 5:00

VOD

Have the link to the VOD?

Description

1 base hellbat-marine blueflame push into macro play vs roach opener. Build usually outright wins vs pool-first lings.

Time

  • Played on: Oct. 2, 2022, 3:22 p.m.
  • Length: 15:17
Show
View Real Time Build Order
Export as new Build Order

UYscuti Zerg 

Build Orders: Pool First 

Get SALT Encoding   

  12  0:01  Drone  
  13  0:20  Drone, Overlord  
  14  0:38  Drone x2  
  16  0:43  Drone  
  16  0:49  Extractor  
  16  0:51  Spawning Pool  
  16  0:53  Drone  
  16  1:04  Drone  
  17  1:22  Drone  
  17  1:23  Hatchery  
  17  1:35  Drone  
  18  1:45  Queen  
  20  1:51  Drone  
  21  2:04  Metabolic Boost  
  21  2:14  Drone  
  22  2:30  Overlord  
  22  2:34  Queen  
  24  2:37  Pneumatized Carapace  
  24  2:41  Hatchery  
  23  2:45  Drone x2  
  23  2:46  Drone  
  26  2:57  Drone  
  26  2:58  Drone x3  
  29  3:04  Overlord  
  30  3:07  Drone  
  31  3:23  Drone x2  
  31  3:24  Drone x3  
  36  3:38  Overlord x2  
  36  3:39  Roach Warren  
  35  3:46  Lair  
  35  3:50  Extractor  
  34  3:59  Drone x2  
  34  4:00  Drone  
  34  4:01  Drone x3, Queen  
  42  4:05  Overlord  
  42  4:07  Overlord  
  42  4:19  Overlord x2  
  42  4:21  Roach x2  
  46  4:30  Roach  
  48  4:38  Roach  
  48  4:39  Roach x5  
  48  4:42  Roach  
  62  4:50  Roach x2  
  62  4:51  Extractor  
  65  4:56  Roach  
  67  5:07  Roach x2  
  67  5:09  Roach  
  61  5:16  Roach  
  61  5:18  Roach  
  59  5:23  Queen  
  59  5:26  Roach x2  
  65  5:28  Zergling x4  
  65  5:29  Roach Warren  
  65  5:31  Zergling x4  
  65  5:35  Spore Crawler  
  67  5:36  Zergling x2  
  67  5:41  Queen  
  68  5:43  Zergling x4  
  52  6:12  Drone x3  
  52  6:16  Drone x2, Hatchery  
  52  6:17  Drone x2  
  58  6:23  Glial Reconstitution  
  58  6:35  Drone x4  
  58  6:36  Drone x3  
  65  6:45  Baneling Nest  
  64  6:47  Extractor  
  64  6:49  Hatchery  
  64  6:50  Infestation Pit  
  64  6:53  Spore Crawler  
  60  7:11  Overseer  
  60  7:14  Drone  
  60  7:15  Drone x7  
  68  7:22  Evolution Chamber  
  67  7:23  Evolution Chamber  
  66  7:32  Spore Crawler  
  65  7:51  Zergling x2  
  65  7:52  Zergling x10  
  65  7:55  Drone  
  65  7:56  Drone x2  
  65  7:57  Overlord x4  
  74  8:01  Centrifugal Hooks  
  74  8:09  Zerg Ground Armor Level 1  
  74  8:10  Zerg Melee Weapons Level 1  
  74  8:34  Hive  
  74  8:38  Spire  
  73  8:44  Drone x3  
  73  8:45  Drone x6  
  73  8:47  Overlord x4  
  82  8:52  Baneling x8  
  82  8:53  Baneling x4  
  82  8:54  Zergling x2  
  83  8:55  Zergling x2  
  83  8:57  Zergling x2  
  85  9:03  Baneling x4  
  85  9:04  Zergling x4, Baneling  
  85  9:05  Zergling x2  
  88  9:12  Zergling x2  
  88  9:13  Zergling x8  
  94  9:17  Zergling x4  
  96  9:24  Zergling x2  
  96  9:27  Ravager x6  
  96  9:30  Hatchery  
  100  9:34  Zergling x6  
  73  9:55  Zergling x4  
  73  9:56  Zergling x14  
  73  9:57  Baneling  
  73  9:58  Baneling x6  
  79  10:01  Zergling x2  
  79  10:02  Queen, Zergling x2  
  79  10:05  Adrenal Glands  
  79  10:06  Queen  
  85  10:08  Zergling x2  
  85  10:13  Zergling x2  
  79  10:20  Zergling x6  
  71  10:29  Baneling x3  
  71  10:33  Zerg Melee Weapons Level 2  
  71  10:36  Drone x3  
  71  10:37  Drone x2  
  71  10:40  Zergling x2  
  71  10:41  Zergling x10  
  82  10:43  Queen  
  82  10:46  Zergling x4  
  86  10:55  Greater Spire  
  86  10:59  Hatchery, Extractor  
  86  11:00  Extractor  
  86  11:03  Drone x2  
  86  11:04  Drone  
  86  11:05  Drone x3  
  86  11:06  Zergling x6  
  86  11:07  Drone x2  
  86  11:08  Drone  
  95  11:20  Baneling  
  95  11:21  Baneling x4  
  95  11:23  Zergling x2  
  95  11:24  Zergling x10  
  96  11:33  Extractor  
  96  11:35  Extractor  
  84  11:47  Zergling x6  
  84  11:48  Zergling x10  
  84  11:51  Zergling x4  
  93  11:56  Zergling x2  
  93  11:57  Zergling x4  
  93  12:03  Zergling x2  
  93  12:04  Zergling x2  
  86  12:09  Zergling x2  
  86  12:14  Zergling x2  
  72  12:18  Baneling  
  72  12:19  Baneling x9  
  70  12:24  Baneling x2  
  70  12:27  Zergling x2  
  70  12:28  Zergling x8  
  74  12:34  Zergling x2  
  73  12:39  Zergling x2  
  69  12:50  Zergling x2  
  66  12:51  Zergling x2  
  66  12:56  Baneling x2  
  66  12:57  Zergling x2  
  63  13:01  Queen, Baneling x3  
  63  13:02  Baneling  
  63  13:03  Queen  
  66  13:07  Zergling x2  
  66  13:08  Zergling x2  
  59  13:13  Zergling x2  
  59  13:15  Zergling x2  
  57  13:28  Zergling x2  
  57  13:29  Zergling x8  
  57  13:53  Zergling x2  
  35  14:23  Zergling x8  
  35  14:24  Zergling x4  
  33  14:27  Baneling Nest  
  32  14:37  Baneling x2  
  32  14:39  Zergling x6  
  32  14:43  Baneling  
  32  14:44  Baneling x6  
  32  14:45  Baneling  
Show
View Real Time Build Order
Export as new Build Order

IIIIIIIIIIII Terran - Winner!

Build Orders:  

Get SALT Encoding   

  12  0:00  SCV  
  13  0:12  SCV  
  14  0:17  Supply Depot  
  14  0:24  SCV  
  15  0:38  SCV  
  15  0:39  Barracks  
  16  0:43  Refinery  
  16  0:50  SCV  
  16  0:53  Refinery  
  17  1:03  SCV  
  18  1:12  Supply Depot  
  18  1:16  SCV  
  19  1:26  Barracks Reactor  
  19  1:28  Orbital Command  
  19  1:47  Factory  
  19  1:53  SCV  
  20  1:57  Supply Depot  
  20  2:02  Marine x2  
  20  2:05  SCV  
  23  2:18  SCV  
  23  2:21  Marine x2  
  26  2:26  Supply Depot  
  26  2:32  Starport  
  26  2:38  Factory Tech Lab  
  26  2:40  Marine x2  
  28  2:57  Infernal Pre-Igniter  
  28  2:58  Hellion  
  30  3:00  Supply Depot  
  30  3:01  Marine x2  
  32  3:08  Medivac  
  34  3:20  Marine x2  
  34  3:23  Supply Depot, Hellion  
  38  3:39  Armory  
  38  3:40  Marine  
  38  3:41  Marine  
  40  3:42  Medivac  
  42  3:53  SCV, Hellion  
  45  3:56  Supply Depot  
  45  4:03  Marine x2  
  45  4:05  SCV  
  48  4:12  Liberator  
  53  4:17  Hellion  
  53  4:22  Marine x2  
  55  4:40  Hellion  
  57  4:46  Marine  
  57  4:47  Marine  
  59  5:08  Marine x2  
  59  5:09  Liberator, Hellion  
  51  5:26  Marine x2  
  53  5:34  SCV, Hellion  
  56  5:44  Command Center, Marine  
  56  5:45  Marine  
  58  5:56  Liberator  
  52  6:01  Hellion  
  52  6:02  Marine x2  
  48  6:15  Terran Vehicle Weapons Level 1  
  47  6:22  Marine x2  
  47  6:24  Siege Tank  
  47  6:25  SCV  
  52  6:46  Marine x2  
  54  6:50  Starport Reactor  
  54  6:52  Barracks  
  54  6:53  SCV, Barracks  
  55  6:59  Orbital Command  
  55  7:05  SCV  
  56  7:10  Marine x2  
  56  7:11  Siege Tank  
  61  7:17  SCV  
  62  7:24  SCV, Engineering Bay  
  62  7:29  SCV  
  64  7:35  Engineering Bay  
  64  7:36  SCV  
  65  7:41  SCV, Marine x2  
  65  7:42  Barracks Tech Lab x2  
  68  7:45  Siege Tank  
  68  7:49  SCV  
  68  7:51  Terran Infantry Weapons Level 1  
  72  7:53  SCV  
  70  8:00  Medivac  
  70  8:01  SCV  
  70  8:04  Refinery  
  73  8:05  SCV  
  73  8:06  Refinery  
  74  8:13  SCV, Missile Turret  
  74  8:14  Missile Turret  
  74  8:15  Marine x3  
  74  8:18  Marine  
  79  8:21  Stimpack  
  79  8:42  Marine x2  
  79  8:44  Marauder  
  79  8:45  Marauder  
  79  8:46  SCV  
  86  9:02  Terran Infantry Armor Level 1  
  86  9:39  Marine x2  
  86  9:40  SCV  
  86  9:41  Siege Tank  
  86  9:42  Marauder x2  
  86  9:43  Medivac x2  
  77  9:57  Marine  
  77  9:58  Marine  
  76  10:03  Combat Shield  
  76  10:05  Concussive Shells  
  76  10:16  SCV x2  
  73  10:28  SCV x2  
  72  10:30  Marine x2  
  72  10:31  Marauder x2  
  72  10:34  Thor  
  84  10:36  Medivac  
  84  10:38  Terran Infantry Weapons Level 2  
  86  10:48  Supply Depot  
  86  10:50  Supply Depot  
  86  10:51  SCV x2, Medivac  
  86  10:53  Marine x2  
  86  10:54  Marine  
  93  11:03  SCV  
  94  11:10  SCV, Marauder  
  97  11:11  Barracks  
  97  11:13  Barracks  
  97  11:18  Marine x2  
  98  11:19  Marauder  
  98  11:22  SCV  
  102  11:39  Marine x2  
  98  11:40  Marauder x2  
  74  12:12  Marine x2  
  74  12:13  Marauder  
  48  12:56  Marine x3  
  44  13:13  Thor  
  44  13:14  Marine x3  
  44  13:18  Liberator  
  44  13:19  Liberator  
  59  13:21  SCV  
  59  13:22  SCV  
  56  13:34  SCV x2  
  54  13:43  Barracks Reactor  
  54  13:46  SCV x2  
  56  14:00  Marine  
  56  14:01  Marine  
  58  14:21  Marine x2  
  60  14:28  SCV  
  61  14:56  Marine x4  
Tags
 
Add a new tag
Caveats
  • Supply blocks, unpowered buildings, or Contaminate may cause inaccurate times.
  • Supply counts are checked every 10 seconds.